[Event "Titled Tuesday Blitz August 08 Early 2023"]
[White "Jumanov, Elbek"]
[Black "jumpingknight20"]
[WhiteFideId "14202905"]
[WhiteElo "2413"]
[BlackElo "2711"]
[Result "1/2-1/2"]
[Round "2"]
[TimeControl "180+1"]
[Date "2023.08.08"]
[WhiteClock "0:00:15"]
[BlackClock "0:00:07"]
[Board "102"]

1. c4 e5 2. g3 Nf6 3. Bg2 d5 4. cxd5 Nxd5 5. Nc3 Nb6 6. Nf3 Nc6 7. O-O Be7 8. a3 a5 9. d3 O-O 10. Be3 Be6 11. Rc1 h6 12. Na4 Nd5 13. Bc5 Bd6 14. Nd2 Rc8 15. Ne4 b5 16. Nac3 Nxc3 17. Rxc3 b4 18. axb4 axb4 19. Rc1 f5 20. Nf6+ Rxf6 21. Bxc6 f4 22. Qa4 Bxc5 23. Rxc5 Qd4 24. Qc2 Rcf8 25. Bf3 Rg6 26. Kg2 fxg3 27. hxg3 Bg4 28. Qc4+ Qxc4 29. Rxc4 Bxf3+ 30. exf3 Rgf6 31. Rxc7 Rxf3 32. Rb7 Rxd3 33. Rxb4 Rd2 34. Rb5 e4 35. Re5 Re2 36. b4 Rf6 37. b5 Kf7 38. g4 g5 39. Rf5 Rxf5 40. gxf5 Rb2 41. Re1 Rb4 42. Kg3 Kf6 43. Rh1 Kxf5 44. Rxh6 Rb3+ 45. Kg2 Rxb5 46. Rh8 Rb2 47. Rf8+ Kg4 48. Re8 Re2 49. Kf1 Rc2 50. Rxe4+ Kf3 51. Re3+ Kf4 52. Rg3 g4 53. Kg2 Rb2 54. Ra3 Rb4 55. Rc3 Ra4 56. Re3 Ra2 57. Rc3 Kg5 58. Rc5+ Kh4 59. Rc3 Rd2 60. Rb3 Rc2 61. Ra3 Rd2 62. Rb3 Rc2 63. Ra3 Rb2 64. Rc3 Ra2 65. Rb3 Re2 66. Ra3 Rc2 67. Rb3 Rd2 68. Rc3 Rb2 69. Rd3 Ra2 70. Rc3 Rb2 71. Rd3 Rc2 72. Rb3 Ra2 73. Rc3 1/2-1/2


[Site "https://www.chess.com"]

[Event "Titled Tuesday Blitz August 08 Early 2023"]
[White "KarolKacprzak"]
[Black "Semenenko, Dmytry"]
[BlackFideId "14118645"]
[WhiteElo "2707"]
[BlackElo "2408"]
[Result "1-0"]
[Round "2"]
[TimeControl "180+1"]
[Date "2023.08.08"]
[WhiteClock "0:01:47"]
[BlackClock "0:01:02"]
[Board "103"]

1. d4 d5 2. Nf3 Nf6 3. c4 c6 4. e3 g6 5. Bd3 Bg7 6. O-O O-O 7. b3 Nbd7 8. Bb2 Ne4 9. Nbd2 f5 10. Ne5 Nxe5 11. dxe5 Qc7 12. Nf3 e6 13. Rc1 Qa5 14. a3 Bd7 15. b4 Qb6 16. Qb3 Rac8 17. Rfd1 h6 18. Bd4 Qc7 19. Qb2 Qd8 20. b5 c5 21. Bc3 Nxc3 22. Qxc3 b6 23. Be2 dxc4 24. Bxc4 Qe7 25. Qb3 Kf7 26. Rd6 Rfd8 27. Rcd1 g5 28. Rxd7 Rxd7 29. Bxe6+ 1-0


[Site "https://www.chess.com"]

[Event "Titled Tuesday Blitz August 08 Early 2023"]
[White "Donskov, Anatoly"]
[Black "Akobian, Varuzhan"]
[WhiteFideId "24143413"]
[BlackFideId "13300580"]
[WhiteElo "2406"]
[BlackElo "2706"]
[Result "0-1"]
[Round "2"]
[TimeControl "180+1"]
[Date "2023.08.08"]
[WhiteClock "0:00:00"]
[BlackClock "0:01:23"]
[Board "104"]

1. e4 d6 2. d4 Nf6 3. Nc3 c6 4. a4 Qc7 5. h3 e5 6. Nf3 Be7 7. Be3 O-O 8. Bd3 Nbd7 9. O-O b6 10. Re1 a6 11. Ne2 Re8 12. c3 Bf8 13. Ng3 Bb7 14. b4 b5 15. a5 exd4 16. cxd4 c5 17. bxc5 dxc5 18. d5 c4 19. Bb1 Nc5 20. Bd4 Nfd7 21. e5 Bxd5 22. Ng5 g6 23. Qg4 Nxe5 24. Qh4 f6 25. N5e4 Nxe4 26. Bxe4 Rad8 27. Qxf6 Bg7 28. Qh4 Bxe4 29. Rxe4 Nd3 30. Bxg7 Qxg7 31. Rae1 Nxe1 0-1


[Site "https://www.chess.com"]

[Event "Titled Tuesday Blitz August 08 Early 2023"]
[White "Morefield, Jason"]
[Black "Mika, Tomasz"]
[WhiteFideId "30920825"]
[BlackFideId "1132970"]
[WhiteElo "2702"]
[BlackElo "2401"]
[Result "1-0"]
[Round "2"]
[TimeControl "180+1"]
[Date "2023.08.08"]
[WhiteClock "0:00:04"]
[BlackClock "0:00:09"]
[Board "105"]

1. b3 d5 2. Bb2 c5 3. Nf3 Nc6 4. e3 Nf6 5. Bb5 Bd7 6. O-O e6 7. c4 Be7 8. Nc3 d4 9. exd4 cxd4 10. Ne2 Bc5 11. Nexd4 Nxd4 12. Bxd4 Bd6 13. Bxd7+ Qxd7 14. Bb2 O-O 15. Qe2 Rfd8 16. Rad1 a5 17. d4 a4 18. d5 exd5 19. Bxf6 gxf6 20. Rxd5 axb3 21. axb3 Qe7 22. Qd3 Bc7 23. Re1 Rxd5 24. Qxd5 Qd6 25. Qf5 Bb6 26. g3 Qc5 27. Qxc5 Bxc5 28. Rd1 Ra2 29. Rd2 Ra1+ 30. Kg2 Rb1 31. Rd3 Kf8 32. Nd2 Rb2 33. Ne4 Ba7 34. g4 Ke7 35. Kg3 Bb8+ 36. f4 Rb1 37. Nc3 Rg1+ 38. Kf3 Rf1+ 39. Kg2 Rc1 40. Nd5+ Kf8 41. Nxf6 Bxf4 42. g5 Kg7 43. Nh5+ Kg6 44. Nxf4+ Kxg5 45. Nd5 Rc2+ 46. Kg3 f5 47. h4+ Kg6 48. Nf4+ Kf6 49. Re3 Rb2 50. Re6+ Kf7 51. Rb6 1-0


[Site "https://www.chess.com"]

[Event "Titled Tuesday Blitz August 08 Early 2023"]
[White "Luong Phuong Hanh"]
[Black "Korchmar, Vasiliy"]
[WhiteFideId "12401013"]
[BlackFideId "24131750"]
[WhiteElo "2393"]
[BlackElo "2702"]
[Result "0-1"]
[Round "2"]
[TimeControl "180+1"]
[Date "2023.08.08"]
[WhiteClock "0:00:00"]
[BlackClock "0:00:54"]
[Board "106"]

1. d4 d5 2. Nf3 Nf6 3. c4 c6 4. Qc2 dxc4 5. Qxc4 Bg4 6. Nc3 Nbd7 7. e4 Bxf3 8. gxf3 e5 9. Be3 Bd6 10. O-O-O O-O 11. Be2 Qe7 12. Rhg1 b5 13. Qd3 Kh8 14. d5 b4 15. dxc6 bxc3 16. Qxd6 Qd8 17. cxd7 Qa5 18. b3 Qxa2 19. Rdf1 Qb2+ 20. Kd1 c2+ 21. Ke1 Qc3+ 22. Bd2 c1=Q+ 23. Bd1 Qxd1+ 24. Kxd1 Qxf3+ 25. Ke1 Nxe4 26. Qxe5 f6 27. Qd4 Rad8 28. Be3 Qf5 0-1


[Site "https://www.chess.com"]

[Event "Titled Tuesday Blitz August 08 Early 2023"]
[White "Agibileg, Uurtsaikh"]
[Black "Castella Garcia, Fausto"]
[WhiteFideId "4901606"]
[BlackFideId "3501922"]
[WhiteElo "2701"]
[BlackElo "2388"]
[Result "1/2-1/2"]
[Round "2"]
[TimeControl "180+1"]
[Date "2023.08.08"]
[WhiteClock "0:00:07"]
[BlackClock "0:00:08"]
[Board "107"]

1. d4 Nf6 2. c4 e5 3. dxe5 Ng4 4. Nf3 Bc5 5. e3 Nc6 6. a3 a5 7. Nc3 O-O 8. Na4 Ba7 9. Be2 Re8 10. O-O Ngxe5 11. c5 Nxf3+ 12. Bxf3 Ne5 13. b4 Nxf3+ 14. Qxf3 d6 15. Bb2 dxc5 16. Nxc5 Bxc5 17. bxc5 Qg5 18. Bd4 c6 19. Rfe1 Be6 20. h3 f5 21. e4 fxe4 22. Qxe4 Bd5 23. Qg4 Qxg4 24. hxg4 Kf7 25. Reb1 Re7 26. Rb2 Rae8 27. Kh2 Be4 28. f3 Bg6 29. Rc1 Ke6 30. Bf2 Kf7 31. Rc4 Kg8 32. Ra4 Re2 33. Rxe2 Rxe2 34. Kg3 Bd3 35. Rxa5 Bb5 36. Ra8+ Kf7 37. Rd8 Ke7 38. Rh8 h6 39. Bd4 Kf7 40. Rh7 Ra2 41. Rxg7+ Ke6 42. Rxb7 Bf1 43. Rh7 Rxg2+ 44. Kf4 Rh2 45. Bg7 Kd5 46. Rxh6 Ra2 47. Bf8 Rxa3 48. Rd6+ Kc4 49. Re6 Bg2 50. Re3 Rxe3 51. Kxe3 Kd5 52. Kf2 Bh1 53. g5 Ke5 54. Kg3 Kf5 55. Be7 Ke6 56. Bd6 Kf5 57. Be7 Ke6 58. Bd8 Kf5 59. Bf6 Ke6 60. Kg4 Bg2 61. f4 Be4 62. Be5 Bf5+ 63. Kh5 Kf7 64. Kh6 Bg6 65. Bd6 Bf5 66. Kh5 Bg6+ 67. Kg4 Ke6 68. Kf3 Kf5 69. Ke3 Bf7 70. Kd4 Bd5 71. Kc3 Bg2 72. Kb4 Bf3 73. Ka5 Bg2 74. Kb6 Bf3 75. Kc7 Bg2 76. Kd7 Bf3 77. Ke7 Bd5 78. Be5 Bc4 79. Kf8 Kg6 80. Bf6 Be6 81. Be7 Bd5 82. Bd6 Be6 83. Ke7 Bd5 84. Kd7 Kf5 85. Be5 Bg2 86. Kd6 Bf3 87. Ke7 Bd5 88. Kf8 Kg6 89. Bf6 Be4 90. f5+ Bxf5 91. Ke7 Be4 92. Kd6 Bd5 93. Ke7 Bf3 94. Kd6 Bd5 95. Ke7 Bf3 96. Kd6 Bd5 1/2-1/2


[Site "https://www.chess.com"]

[Event "Titled Tuesday Blitz August 08 Early 2023"]
[White "Legenia, Artem"]
[Black "Csonka, Balazs"]
[WhiteFideId "14136945"]
[BlackFideId "742910"]
[WhiteElo "2384"]
[BlackElo "2699"]
[Result "0-1"]
[Round "2"]
[TimeControl "180+1"]
[Date "2023.08.08"]
[WhiteClock "0:02:08"]
[BlackClock "0:02:06"]
[Board "108"]

1. Nf3 Nf6 2. b3 b6 3. Bb2 Bb7 4. e3 g6 5. c4 Bg7 6. Be2 O-O 7. d3 d6 8. O-O e5 9. a3 Nbd7 10. Nbd2 h6 11. Qc2 Nh7 12. d4 Qe7 13. Rfe1 e4 14. d5 exf3 15. Nxf3 Ng5 16. Nd4 a6 17. Bf1 Rae8 18. e4 Be5 19. g3 Bxd4 20. Bxd4 Nf3+ 21. Kg2 Nxd4 0-1


[Site "https://www.chess.com"]

[Event "Titled Tuesday Blitz August 08 Early 2023"]
[White "Krzywda, Andrzej"]
[Black "Rendle, Thomas E"]
[WhiteFideId "1114565"]
[BlackFideId "408760"]
[WhiteElo "2369"]
[BlackElo "2696"]
[Result "0-1"]
[Round "2"]
[TimeControl "180+1"]
[Date "2023.08.08"]
[WhiteClock "0:00:24"]
[BlackClock "0:00:07"]
[Board "109"]

1. e4 e6 2. d4 d5 3. Nc3 Bb4 4. e5 c5 5. a3 Ba5 6. b4 cxd4 7. Nb5 Bc7 8. f4 Bd7 9. Nf3 Nh6 10. Nbxd4 Nc6 11. Bd3 Nxd4 12. Nxd4 Bxe5 13. Bb2 Bxf4 14. O-O e5 15. Qe2 O-O 16. Rxf4 exf4 17. Rf1 Qe8 18. Qh5 Qe3+ 19. Kh1 Rae8 20. Nf3 Bg4 21. Qh4 f6 22. Bd4 Qe6 23. Bc5 Rf7 24. Nd4 Qc8 25. Bxa7 Nf5 26. Bxf5 Bxf5 27. Qxf4 Be4 28. Bc5 Re5 29. Qh4 h5 30. Nb5 Qg4 31. Qf2 Rg5 32. Qg1 Bxg2+ 33. Qxg2 Qxg2# 0-1


[Site "https://www.chess.com"]

[Event "Titled Tuesday Blitz August 08 Early 2023"]
[White "Alex_Sahakyan2006"]
[Black "dr_tatiana"]
[WhiteElo "2694"]
[BlackElo "2355"]
[Result "1-0"]
[Round "2"]
[TimeControl "180+1"]
[Date "2023.08.08"]
[WhiteClock "0:00:14"]
[BlackClock "0:00:06"]
[Board "110"]

1. e4 d5 2. exd5 Qxd5 3. Nc3 Qd6 4. d4 Nf6 5. Nf3 a6 6. Ne5 Nc6 7. Bf4 Nd5 8. Bg3 Nxc3 9. bxc3 Nxe5 10. Bxe5 Qa3 11. d5 e6 12. Bc4 Bd6 13. Bxg7 Rg8 14. Qd4 Bc5 15. Qf6 Be7 16. Qe5 Qc5 17. Qd4 Qxd4 18. Bxd4 Rxg2 19. O-O-O Bd7 20. Rdg1 Rxg1+ 21. Rxg1 O-O-O 22. dxe6 fxe6 23. Rg7 Ba3+ 24. Kb1 Rf8 25. Bd3 e5 26. Be3 h5 27. c4 Bc6 28. c3 e4 29. Be2 h4 30. c5 Bd5 31. Kc2 Bxa2 32. c4 Rd8 33. Rg1 b5 34. cxb6 cxb6 35. Ra1 Bc5 36. Rxa2 Rf8 37. Bxc5 bxc5 38. Kd2 Rxf2 39. Ke3 Rf8 40. Rxa6 Kc7 41. Rh6 Rd8 42. Rxh4 Rd6 43. Rxe4 Rh6 44. h4 Kd6 45. h5 Rf6 46. Rg4 Ke5 47. Rg5+ Kd6 48. Rg6 Kc6 49. Rxf6+ 1-0


[Site "https://www.chess.com"]

[Event "Titled Tuesday Blitz August 08 Early 2023"]
[White "MarijaKuznecova"]
[Black "Koshulyan, Egor A."]
[BlackFideId "24237000"]
[WhiteElo "2354"]
[BlackElo "2691"]
[Result "0-1"]
[Round "2"]
[TimeControl "180+1"]
[Date "2023.08.08"]
[WhiteClock "0:00:00"]
[BlackClock "0:00:07"]
[Board "111"]

1. e4 c5 2. Nf3 Nc6 3. Nc3 Nf6 4. d4 cxd4 5. Nxd4 e5 6. Ndb5 d6 7. Bg5 a6 8. Na3 Be6 9. Nc4 Rb8 10. Ne3 Be7 11. Bxf6 Bxf6 12. Ned5 Bg5 13. a4 O-O 14. h4 Bh6 15. g4 Bf4 16. Nxf4 exf4 17. Be2 Ne5 18. Nd5 f3 19. Bxf3 Bxd5 20. exd5 Qf6 21. Be2 Rbe8 22. Kf1 Ng6 23. h5 Nf4 24. Bf3 Qxb2 25. Rb1 Qc3 26. Rxb7 Re5 27. Rb3 Qc4+ 28. Kg1 Rfe8 29. Kh2 Nxd5 30. Rd3 Qf4+ 31. Kg2 Nf6 32. h6 g6 33. Rxd6 Qxa4 34. Rxf6 Rg5 35. Rd6 f5 36. Qd5+ Kh8 37. Qd4+ Qxd4 38. Rxd4 fxg4 39. Rxg4 Rc5 40. c4 a5 41. Bd5 a4 42. Ra1 Ra5 43. Rf4 g5 44. Rf7 g4 45. Rb1 Ra6 46. Ra1 a3 47. c5 g3 48. Kxg3 Rg6+ 49. Kh2 Rxh6+ 50. Kg2 Rg6+ 51. Kf1 Ra6 52. c6 Rd8 53. Bf3 a2 54. Kg2 Rb8 55. Rh1 a1=Q 56. Rxa1 Rxa1 57. c7 Rc8 58. Bb7 Rg8+ 59. Kh2 Rc1 60. Be4 Rc8 61. Rxh7+ Kg8 62. Rd7 R1xc7 63. Rd6 Rf8 64. Rg6+ Kf7 65. Kg3 Re7 66. Bd3 Ke8 67. f3 Re3 68. Be4 Ra3 69. Re6+ Kd8 70. Rd6+ Kc7 71. Rg6 Re8 72. Rg7+ Kd6 73. Rg6+ Kc5 74. Kg4 Ra4 75. Rg5+ Kd4 76. Rd5+ Ke3 77. Rg5 Ra7 78. Rg6 Rf8 79. Rg5 Ra4 80. Rg6 Rxf3 81. Kg5 Rxe4 0-1


[Site "https://www.chess.com"]

[Event "Titled Tuesday Blitz August 08 Early 2023"]
[White "Lopez Del Alamo, Antonio"]
[Black "Ioannidis, Evgenios"]
[WhiteFideId "2227339"]
[BlackFideId "4229274"]
[WhiteElo "2346"]
[BlackElo "2689"]
[Result "1/2-1/2"]
[Round "2"]
[TimeControl "180+1"]
[Date "2023.08.08"]
[WhiteClock "0:00:05"]
[BlackClock "0:00:18"]
[Board "112"]

1. e4 e5 2. Bc4 Nc6 3. d3 Nf6 4. Nc3 Bc5 5. f4 d6 6. Nf3 h6 7. f5 a6 8. a3 Ng4 9. Qe2 Bf2+ 10. Kf1 Ba7 11. h3 Nf6 12. g4 Bd7 13. b4 Nd4 14. Nxd4 Bxd4 15. Bb2 c5 16. Nd1 Bxb2 17. Nxb2 cxb4 18. axb4 Bc6 19. Bb3 O-O 20. c4 b5 21. h4 bxc4 22. Nxc4 Qb8 23. g5 Nh7 24. g6 Nf6 25. gxf7+ Kh8 26. Rg1 Qxb4 27. Rb1 Qc3 28. Qd2 Qd4 29. Ne3 Bxe4 30. Rd1 Bf3 31. Re1 Qxh4 32. Be6 Qh3+ 33. Ng2 Ng4 34. f6 Nxf6 35. Bxh3 Rab8 36. Kf2 Bh5 37. Ne3 Rxf7 38. Nf5 g6 39. Qxh6+ Kg8 40. Rxg6+ Bxg6 41. Qxg6+ Kf8 42. Rg1 Rb2+ 43. Kf1 e4 44. Nh6 Rb1+ 45. Kg2 Rxg1+ 46. Kxg1 Rg7 47. Qxg7+ Kxg7 48. Nf5+ Kg6 49. Nxd6 exd3 50. Kf2 Kg5 51. Ke3 a5 52. Kxd3 Nd5 53. Nc4 Nf4+ 54. Kc3 a4 55. Na5 Nxh3 56. Kb4 a3 57. Kxa3 1/2-1/2


[Site "https://www.chess.com"]

[Event "Titled Tuesday Blitz August 08 Early 2023"]
[White "Godzwon, Iwo"]
[Black "Gauravthegm"]
[WhiteFideId "21802483"]
[WhiteElo "2688"]
[BlackElo "2330"]
[Result "1/2-1/2"]
[Round "2"]
[TimeControl "180+1"]
[Date "2023.08.08"]
[WhiteClock "0:00:17"]
[BlackClock "0:00:10"]
[Board "113"]

1. e4 c5 2. Nf3 d6 3. d4 cxd4 4. Nxd4 Nf6 5. Nc3 Nc6 6. Bc4 e6 7. Be3 a6 8. Qe2 Be7 9. O-O-O Bd7 10. Bb3 Nxd4 11. Rxd4 b5 12. Rhd1 Qc7 13. Bg5 h6 14. Bh4 Bc6 15. f4 O-O 16. e5 dxe5 17. fxe5 Nh7 18. Bg3 Bc5 19. R4d2 Rfd8 20. Ne4 Bxe4 21. Qxe4 Nf8 22. c3 Rac8 23. Bc2 Be7 24. Kb1 Rxd2 25. Rxd2 Rd8 26. Rxd8 Qxd8 27. Bd3 Qb6 28. Qd4 Qxd4 29. cxd4 Nd7 30. a4 bxa4 31. Bxa6 Nb6 32. Kc2 Kf8 33. Bb5 Bb4 34. Bh4 g5 35. Bf2 Ke7 36. Be3 Nd5 37. Bc1 Nb6 38. h4 f6 39. Kd3 Kf7 40. Bc6 gxh4 41. exf6 Kxf6 42. Bxh6 a3 43. bxa3 Bxa3 44. Ke4 Bd6 45. Bd2 Nc4 46. Bc3 Bg3 47. Kf3 Kg5 48. Bd7 e5 49. d5 Nd6 50. Bb4 e4+ 51. Ke3 Bf4+ 52. Kd4 e3 53. Bh3 e2 54. Kd3 Ne4 55. Kxe4 Bg3 56. Bd2+ Kf6 57. Bc3+ Ke7 58. Bb4+ Kd8 59. Kf5 e1=Q 60. Bxe1 Bxe1 61. Ke6 Bg3 62. d6 Bf2 63. Bg4 Bg3 64. Be2 Bf2 65. Bb5 Bg3 66. d7 Bf2 67. Kf5 1/2-1/2


[Site "https://www.chess.com"]

[Event "Titled Tuesday Blitz August 08 Early 2023"]
[White "Adury, Anant"]
[Black "Rychagov, Andrey"]
[WhiteFideId "30964687"]
[BlackFideId "4119932"]
[WhiteElo "2316"]
[BlackElo "2680"]
[Result "0-1"]
[Round "2"]
[TimeControl "180+1"]
[Date "2023.08.08"]
[WhiteClock "0:01:40"]
[BlackClock "0:01:34"]
[Board "114"]

1. c4 e5 2. Nc3 Nc6 3. Nf3 Bb4 4. d3 Nf6 5. e4 O-O 6. a3 Be7 7. Be2 a5 8. O-O Bc5 9. Bg5 h6 10. Bh4 g5 11. Bg3 d6 12. Nd5 Nxd5 13. cxd5 Nd4 14. Nxd4 Bxd4 15. Rb1 f5 16. exf5 Bxf5 17. Bg4 Qf6 18. Bxf5 Qxf5 19. Qe2 a4 20. Kh1 Ra5 21. Qe4 Qxe4 22. dxe4 Rb5 23. Rfc1 Rxb2 24. Rxb2 Bxb2 25. Rxc7 Bxa3 26. Rxb7 Bc5 0-1


[Site "https://www.chess.com"]

[Event "Titled Tuesday Blitz August 08 Early 2023"]
[White "Hoang, Thi Bao Tram"]
[Black "Cagara, Paulina"]
[WhiteFideId "12401102"]
[BlackFideId "1124870"]
[WhiteElo "2677"]
[BlackElo "2247"]
[Result "1-0"]
[Round "2"]
[TimeControl "180+1"]
[Date "2023.08.08"]
[WhiteClock "0:01:51"]
[BlackClock "0:01:12"]
[Board "115"]

1. d4 f5 2. g3 g6 3. Bg2 Bg7 4. Nh3 d6 5. c3 Nc6 6. Qb3 e5 7. dxe5 Nxe5 8. O-O Ne7 9. Nf4 Qd7 10. Bxb7 Rb8 11. Bxc8 Rxc8 12. Rd1 g5 13. Nh5 N7g6 14. Bxg5 f4 15. Nxg7+ Qxg7 16. Qe6+ 1-0


[Site "https://www.chess.com"]

[Event "Titled Tuesday Blitz August 08 Early 2023"]
[White "Mishra, Manoj"]
[Black "Akhmedinov, Satbek"]
[WhiteFideId "5006007"]
[BlackFideId "13714287"]
[WhiteElo "2223"]
[BlackElo "2676"]
[Result "0-1"]
[Round "2"]
[TimeControl "180+1"]
[Date "2023.08.08"]
[WhiteClock "0:00:29"]
[BlackClock "0:02:14"]
[Board "116"]

1. d4 Nf6 2. Nf3 e6 3. g3 d5 4. c4 dxc4 5. Bg2 Bb4+ 6. Nc3 O-O 7. O-O a6 8. Bg5 h6 9. Bxf6 Qxf6 10. e4 b5 11. e5 Qe7 12. Qc2 Ra7 13. Rad1 Bb7 14. d5 exd5 15. Nxd5 Bxd5 16. Rxd5 Nd7 17. Rfd1 Nb6 18. a3 Nxd5 19. Rxd5 Bc5 20. e6 fxe6 21. Re5 Bd6 22. Re2 Qf6 23. Qe4 Raa8 24. Nd4 Rae8 25. Nxe6 Rf7 26. f4 Rfe7 27. f5 c3 28. bxc3 Bxa3 29. Qd5 Kh8 30. g4 Qxc3 31. g5 Qc1+ 32. Kf2 Bc5+ 33. Qxc5 Qxc5+ 34. Nxc5 Rxe2+ 35. Kg3 R8e3+ 36. Kf4 hxg5+ 37. Kxg5 Rxg2+ 38. Kf4 Rh3 0-1


[Site "https://www.chess.com"]

[Event "Titled Tuesday Blitz August 08 Early 2023"]
[White "EvgenyBurmakin"]
[Black "Freitag, Manfred"]
[BlackFideId "1602004"]
[WhiteElo "2221"]
[BlackElo "2671"]
[Result "1/2-1/2"]
[Round "2"]
[TimeControl "180+1"]
[Date "2023.08.08"]
[WhiteClock "0:00:09"]
[BlackClock "0:00:21"]
[Board "117"]

1. e4 c5 2. Nc3 d6 3. Bb5+ Nd7 4. Nf3 a6 5. Bxd7+ Bxd7 6. a4 Nf6 7. O-O e6 8. Re1 Be7 9. d4 cxd4 10. Nxd4 O-O 11. Be3 Rc8 12. f3 Re8 13. Qd2 Qc7 14. Nb3 h6 15. a5 Bc6 16. Nd4 Bd7 17. Nb3 Qb8 18. Qf2 Rc4 19. Ba7 Qc8 20. Bb6 Rxc3 21. bxc3 Qxc3 22. Re3 Qc4 23. Qe2 Rc8 24. Qxc4 Rxc4 25. c3 e5 26. Nd2 Rc6 27. Rd3 Be6 28. c4 Nd7 29. Be3 Bxc4 30. Nxc4 Rxc4 31. Rb3 Nc5 32. Bxc5 Rxc5 33. Rxb7 Bg5 34. Rb8+ Kh7 35. Rb6 Rxa5 36. Rxa5 Be3+ 37. Kf1 Bxb6 38. Rxa6 Bc5 39. Ke2 Kg6 40. Kd3 f5 41. Rc6 Kf6 42. Kc4 fxe4 43. fxe4 Kg5 44. g3 Kg4 45. Rxc5 dxc5 46. Kxc5 Kh3 47. Kd5 Kxh2 48. Kxe5 Kxg3 49. Kf5 h5 50. e5 h4 51. e6 h3 52. e7 h2 53. e8=Q h1=Q 54. Qg6+ Kf2 55. Qxg7 Qf3+ 1/2-1/2


[Site "https://www.chess.com"]

[Event "Titled Tuesday Blitz August 08 Early 2023"]
[White "Seemann, Jakub"]
[Black "Hrescak, Ivana"]
[WhiteFideId "21874697"]
[BlackFideId "14613441"]
[WhiteElo "2671"]
[BlackElo "2218"]
[Result "1-0"]
[Round "2"]
[TimeControl "180+1"]
[Date "2023.08.08"]
[WhiteClock "0:00:59"]
[BlackClock "0:00:42"]
[Board "118"]

1. b3 e5 2. Bb2 Nc6 3. e3 d5 4. Bb5 Bd6 5. Nf3 Qe7 6. d4 e4 7. Ne5 Bd7 8. Bxc6 bxc6 9. Nxd7 Qxd7 10. Ba3 Nf6 11. Bxd6 cxd6 12. O-O O-O 13. c4 dxc4 14. bxc4 d5 15. Nc3 Rab8 16. Qa4 Rb7 17. Qa5 Rfb8 18. Na4 Rb4 19. Nc5 Qe7 20. cxd5 cxd5 21. Rac1 h5 22. h3 g5 23. a3 Rb2 24. Na6 R8b6 25. Nb4 Qd7 26. Rc5 Rd6 27. Rc7 Qf5 28. Qxa7 Qe6 29. Re7 Rd7 30. Rxe6 Rxa7 31. Rxf6 Rxa3 32. Nxd5 Kg7 33. Rf5 Kg6 34. g4 hxg4 35. hxg4 Ra8 36. Rc1 Rh8 37. Rc6+ Kg7 38. Rxg5+ Kf8 39. Rc8# 1-0


[Site "https://www.chess.com"]

[Event "Titled Tuesday Blitz August 08 Early 2023"]
[White "Luxama, Jacques Muller"]
[Black "Fus, Jakub"]
[WhiteFideId "11900113"]
[BlackFideId "1193023"]
[WhiteElo "2213"]
[BlackElo "2668"]
[Result "0-1"]
[Round "2"]
[TimeControl "180+1"]
[Date "2023.08.08"]
[WhiteClock "0:00:31"]
[BlackClock "0:00:13"]
[Board "119"]

1. e4 c6 2. d4 d5 3. e5 Bf5 4. g4 Be4 5. f3 Bg6 6. e6 Qd6 7. exf7+ Bxf7 8. Nc3 Nd7 9. f4 g5 10. fxg5 e5 11. dxe5 Nxe5 12. Qe2 O-O-O 13. Bf4 Nd3+ 14. Qxd3 Qxf4 15. Nge2 Qxg5 16. Qf5+ Qxf5 17. gxf5 Bh6 18. Ng3 Nf6 19. Bd3 Rde8+ 20. Kf1 Ng4 21. Re1 b5 22. a3 a6 23. h3 Ne3+ 24. Kf2 c5 25. f6 Bg6 26. Bxg6 hxg6 27. Re2 Rhf8 28. Rhe1 Rxf6+ 29. Kg1 Rf3 30. Nf1 d4 31. Nxe3 Bxe3+ 32. Kg2 Rf5 33. Nd1 Rg5+ 34. Kh1 Rh8 35. Kh2 Bf4+ 36. Kh1 Rxh3+ 37. Rh2 Rxh2# 0-1


[Site "https://www.chess.com"]

[Event "Titled Tuesday Blitz August 08 Early 2023"]
[White "Weetik, Vjacheslav"]
[Black "Lisjak, Zlatko"]
[WhiteFideId "4153472"]
[BlackFideId "14502186"]
[WhiteElo "2667"]
[BlackElo "2188"]
[Result "1-0"]
[Round "2"]
[TimeControl "180+1"]
[Date "2023.08.08"]
[WhiteClock "0:00:46"]
[BlackClock "0:00:00"]
[Board "120"]

1. d4 d6 2. e4 Nf6 3. Nc3 c6 4. g3 Nbd7 5. Bg2 e5 6. Nge2 Be7 7. h3 Qc7 8. O-O h6 9. g4 Nf8 10. f4 exf4 11. Bxf4 g5 12. Bh2 Ng6 13. e5 dxe5 14. dxe5 Nxe5 15. Qd4 Nfd7 16. Kh1 f6 17. Ng3 Qb6 18. Qd2 Nf8 19. Nce4 c5 20. Nh5 Nfd7 21. Nexf6+ Bxf6 22. Nxf6+ Nxf6 23. Bxe5 O-O 24. Qd3 Kg7 25. Rxf6 Rxf6 26. Rf1 1-0


[Site "https://www.chess.com"]

[Event "Titled Tuesday Blitz August 08 Early 2023"]
[White "Aaditya Dhingra"]
[Black "Falbo, Sandro"]
[WhiteFideId "25678191"]
[BlackFideId "810444"]
[WhiteElo "2665"]
[BlackElo "2184"]
[Result "1-0"]
[Round "2"]
[TimeControl "180+1"]
[Date "2023.08.08"]
[WhiteClock "0:00:42"]
[BlackClock "0:00:00"]
[Board "121"]

1. c4 Nf6 2. Nc3 g6 3. e4 e5 4. Nf3 Nc6 5. d4 exd4 6. Nxd4 Bg7 7. Be3 O-O 8. Be2 Re8 9. f3 Nxd4 10. Bxd4 d6 11. O-O c6 12. Re1 Be6 13. Qd2 Qa5 14. Rad1 Rad8 15. Bf1 Nh5 16. Be3 Qb4 17. Rc1 Be5 18. b3 Qa5 19. Ne2 Qxd2 20. Bxd2 d5 21. exd5 cxd5 22. c5 d4 23. g4 d3 24. Nc3 Bd4+ 25. Kg2 Ng7 26. Nb5 Bb2 27. Rb1 Bf6 28. Nd6 Re7 29. Ne4 Bd4 30. Bg5 Red7 31. Bxd8 Rxd8 32. Rbd1 h5 33. h3 hxg4 34. hxg4 Be5 35. Rxd3 Rxd3 36. Bxd3 Bd4 37. Bc4 a6 38. Rd1 1-0


[Site "https://www.chess.com"]

[Event "Titled Tuesday Blitz August 08 Early 2023"]
[White "Fominykh, Maria"]
[Black "Hua, Lefong"]
[WhiteFideId "4142411"]
[BlackFideId "2602253"]
[WhiteElo "2180"]
[BlackElo "2665"]
[Result "0-1"]
[Round "2"]
[TimeControl "180+1"]
[Date "2023.08.08"]
[WhiteClock "0:00:00"]
[BlackClock "0:00:46"]
[Board "122"]

1. d4 Nf6 2. c4 c5 3. d5 e6 4. Nc3 exd5 5. cxd5 d6 6. e4 g6 7. Nf3 Bg7 8. Bd3 a6 9. a4 Nbd7 10. h3 Nh5 11. O-O Ne5 12. Be2 Nxf3+ 13. Bxf3 Qh4 14. Ne2 Be5 15. Bxh5 gxh5 16. f4 Bf6 17. Qe1 Rg8 18. Qxh4 Bxh4 19. Kh2 Bf6 20. Ra3 Bd7 21. Re1 O-O-O 22. Ng3 h4 23. Nh5 Bd4 24. Rd3 Rge8 25. b3 f5 26. e5 dxe5 27. fxe5 Bxe5+ 28. Kh1 Bd4 29. Rdd1 b5 30. Bg5 Rxe1+ 31. Rxe1 Re8 32. Rxe8+ Bxe8 33. axb5 axb5 34. Bxh4 Bf7 35. Nf4 Be5 36. Ne6 c4 37. bxc4 bxc4 38. Be1 c3 39. Nc5 c2 40. Nd3 Bxd5 41. Bd2 Bd4 0-1


[Site "https://www.chess.com"]

[Event "Titled Tuesday Blitz August 08 Early 2023"]
[White "Petrosian, Karlen"]
[Black "Grigoryan, Meri"]
[WhiteFideId "4176146"]
[BlackFideId "13300571"]
[WhiteElo "2664"]
[BlackElo "2178"]
[Result "1-0"]
[Round "2"]
[TimeControl "180+1"]
[Date "2023.08.08"]
[WhiteClock "0:00:46"]
[BlackClock "0:00:06"]
[Board "123"]

1. e4 c6 2. Nf3 d5 3. d3 dxe4 4. dxe4 Qxd1+ 5. Kxd1 Bg4 6. Be2 Bxf3 7. Bxf3 e5 8. Be3 Nf6 9. Nd2 Nbd7 10. Nb3 O-O-O 11. Ke1 Kb8 12. g3 Bb4+ 13. c3 Be7 14. h3 h6 15. Bg2 Nb6 16. f3 Nc4 17. Bc1 Rd7 18. Bf1 Rhd8 19. Be2 Nb6 20. Be3 Na4 21. Rb1 Nh5 22. Kf2 Nf6 23. h4 Ne8 24. h5 Nc7 25. Bc4 Bf8 26. f4 b5 27. Be2 c5 28. Na5 Re8 29. Nc6+ Kb7 30. Nxe5 Rde7 31. Bf3 Nb6 32. b3 Nd7 33. Nxd7 Rxd7 34. Rhd1 Red8 35. Rxd7 Rxd7 36. Ke2 a6 37. a4 b4 38. e5+ Kb6 39. cxb4 Ne6 40. Rc1 Nd4+ 41. Bxd4 Rxd4 42. bxc5+ Bxc5 43. Rc4 Rd8 44. b4 Bd4 45. Rc6+ Ka7 46. Rc7+ Kb8 47. Rxf7 Bc3 48. Rxg7 Rd2+ 49. Ke3 Ra2 50. Rb7+ Kc8 51. e6 Rxa4 52. e7 Rxb4 1-0


[Site "https://www.chess.com"]